 Dungeon Crawl Stone Soup version 0.25.0-33-gff14898491 (webtiles) character file.

Game seed: 15005650683175535176

94 Peloso the Skirmisher (level 4, 18/35 HPs)
             Began as a Demonspawn Fighter on July 7, 2020.
             Got out of the dungeon alive.
             The game lasted 00:02:58 (2466 turns).

Peloso the Skirmisher (Demonspawn Fighter)          Turns: 2466, Time: 00:02:58

Health: 18/35      AC:  8    Str: 17    XL:     4   Next: 38%
Magic:  4/4        EV:  7    Int:  9    God:
Gold:   158        SH:  9    Dex: 13    Spells: 3/3 levels left

rFire    . . .     SeeInvis .   a - +0 long sword
rCold    . . .     Gourm    .   c - +0 kite shield
rNeg     . . .     Faith    .   b - +0 scale mail
rPois    .         Spirit   .   (helmet restricted)
rElec    .         Reflect  .   j - +0 cloak
rCorr    .         Harm     .   (no gloves)
MR       .....     Rnd*Tele +   (no boots)
Stlth    +.........             (no amulet)
HPRegen  0.11/turn              h - ring of teleportation (curse)
MPRegen  0.09/turn              (no ring)

@: no status effects
A: horns 1, demonic guardian 1, nightstalker 1
a: no special abilities


You escaped.
You were not hungry.

You visited 1 branch of the dungeon, and saw 3 of its levels.

You collected 158 gold pieces.

Inventory:

Hand Weapons
 a - a +0 long sword (weapon)
Missiles
 q - 22 bolts
Armour
 b - a +0 scale mail (worn)
 c - a +0 kite shield (worn)
 j - a +0 cloak (worn)
Jewellery
 h - a cursed ring of teleportation (left hand)
Scrolls
 e - a scroll of teleportation
 k - a scroll of random uselessness {unknown}
 l - a scroll of remove curse
 n - a scroll of fog {unknown}
 p - 2 scrolls of magic mapping {unknown}
Potions
 d - a potion of might
 i - a potion of curing
Comestibles
 f - 4 rations
 g - 2 chunks of flesh


   Skills:
 + Level 3.3 Fighting
 + Level 2.9 Long Blades
 + Level 3.2 Armour
 + Level 0.2 Dodging
 + Level 3.3 Shields


You had 3 spell levels left.
You didn't know any spells.
Your spell library was empty.

Dungeon Overview and Level Annotations

Branches:
Dungeon (3/15)

Altars:
Cheibriados


Innate Abilities, Weirdness & Mutations

You have a pair of small horns on your head.
A weak demonic guardian rushes to your aid.
You are slightly more attuned to the shadows.


Message History

You feel sick.
You are no longer poisoned.
You see here a leopard gecko corpse.
Unknown command.
(D) Dungeon
Where to? (Enter - D:12, ? - help)
What level of the Dungeon? (default 1, ? - help)
You now have 158 gold pieces (gained 13).
There is an open door here.
Some of the chunks of flesh in your inventory have rotted away.
There is a stone staircase leading up here.
You climb upwards.
There is a stone staircase leading down here.
There is a stone staircase leading up here.
You climb upwards.
There is a stone staircase leading down here.
There is an open door here.
There is a staircase leading out of the dungeon here.
Are you sure you want to leave the Dungeon?
This will make you lose the game!
You have escaped!

#.#####.......#...#.#.##
#.#####........###....##
####..............# #......
#......##+#'##....###..####
#.##.#.#....[#...#........#
#.##.#.#.....#...#.....##.#
#.##.#.#..8..#.##......##.#
#.##.#.#.....#.#.......##.#
#.##.#.#..@..#.........##.#
#......#######.#.#...#.##.#
####.### #.#####.##.......#
#.#####.##..........####
#.......##.##.#######...
#######....##.# #.##
#.......# #.## #########
#.## #.##


There were no monsters in sight!

Vanquished Creatures
  3 adders
  2 worms (D:2)
  5 leopard geckos
  A bat (D:1)
  2 giant cockroaches
  6 goblins
  6 hobgoblins
  4 kobolds
  A quokka (D:3)
  5 frilled lizards
  8 rats
43 creatures vanquished.

Vanquished Creatures (collateral kills)
  Jessica (D:2)
1 creature vanquished.

Grand Total: 44 creatures vanquished

Notes
Turn   | Place    | Note
-------+----------+-------------------------------------------
     0 | D:1      | Peloso the Demonspawn Fighter began the quest for the Orb.
     0 | D:1      | Reached XP level 1. HP: 18/18 MP: 1/1
   229 | D:1      | Gained mutation: You are slightly more attuned to the
                  | shadows. [demonic ancestry]
   229 | D:1      | Reached XP level 2. HP: 20/24 MP: 2/2
   934 | D:2      | Gained mutation: A weak demonic guardian rushes to your
                  | aid. [demonic ancestry]
   934 | D:2      | Reached XP level 3. HP: 15/29 MP: 3/3
  1432 | D:2      | Noticed Jessica
  1439 | D:2      | Killed Jessica
  1514 | D:2      | Found a faded altar of an unknown god.
  1913 | D:2      | Gained mutation: You have a pair of small horns on your
                  | head. [demonic ancestry]
  1913 | D:2      | Reached XP level 4. HP: 35/35 MP: 4/4
  2343 | D:3      | Found a snail-covered altar of Cheibriados.
  2466 | D:$      | Got out of the dungeon alive.

Illustrated notes

Levels and vault maps discovered:
D:1:      minmay_arrival_solitary_statue, layout_loops_cross,
          grunt_decor_mini_mirrors
D:2:      layout_loops_ring, chequers_ecumenical_altar_simple, serial_glass,
          glass_columns_a, glass_columns_c, glass_columns_a, glass_columns_b,
          glass_columns_a, glass_columns_b, uniq_jessica
D:3:      layout_basic, grunt_temple_overflow_forces_of_nature,
          nicolae_overflow_hidden_temple, ebering_ghost_disaster_area,
          first_ration

Skill      XL: |  1  2  3 |
---------------+----------+-----
Shields        | 3 |  3.3
Long Blades    | 2 |  2.9
Armour         | 3 |  3.2
Fighting       | |  3.3
Dodging        | |  0.2

Action                   |  1- 3 |  4- 6 || total
-------------------------+-------+-------++-------
Melee: Long sword        |   128 |    42 ||   170
       Headbutt          |       |     5 ||     5
  Use: Scroll            |     4 |       ||     4
       Potion            |       |     2 ||     2
  Eat: Chunk             |     3 |     2 ||     5
Armor: Scale mail        |    62 |    22 ||    84
Dodge: Dodged            |    34 |    15 ||    49
Block: Kite shield       |    62 |    26 ||    88
       Rpst.: Long sword |    12 |     5 ||    17
